 Dungeon Crawl Stone Soup version 0.19.5 (webtiles) character file.

6495 spiff the Carver (level 10, -12/71 HPs)
             Began as a High Elf Assassin on Apr 2, 2017.
             Was an Elder of Dithmenos.
             Mangled by Snorg (14 damage)
             ... on level 10 of the Dungeon.
             The game lasted 00:53:30 (15138 turns).

spiff the Carver (High Elf Assassin)               Turns: 15138, Time: 00:53:31

Health: -12/71     AC: 10    Str: 15    XL:     10   Next: 68%
Magic:  9/11       EV: 17    Int: 20    God:    Dithmenos [****..]
Gold:   370        SH:  0    Dex: 21    Spells: 0 memorised, 9 levels left

rFire  . . .     SeeInvis .     b - +0 blowgun
rCold  . . .     Gourm    +     G - +3 leather armour of the Pit {+Blink rPois Int+4}
rNeg   . . .     Faith    .     (no shield)
rPois  +         Spirit   .     B - +0 helmet
rElec  .         Reflect  .     d - +1 cloak
rCorr  .         Harm     .     (no gloves)
MR     +....                    j - +0 pair of boots
Stlth  +++++++...               h - amulet of the gourmand
                                Q - +2 ring of strength
                                A - +4 ring of dexterity

@: wreathed by umbra
A: no striking features
a: Shadow Step, Renounce Religion, Evoke Blink


You were on level 10 of the Dungeon.
You worshipped Dithmenos.
Dithmenos was greatly pleased with you.
You were completely stuffed.

You visited 2 branches of the dungeon, and saw 12 of its levels.

You collected 587 gold pieces.
You spent 217 gold pieces at shops.

Inventory:

Hand Weapons
 a - a +0 shortbow
 b - a +0 blowgun (weapon)
 m - a +2 dagger of speed
 u - a +0 long sword
 z - a +0 great sword
 H - a +2 scimitar
 N - a +5 falchion
Missiles
 e - 10 poisoned needles (quivered)
 q - 181 arrows
 v - 42 stones
Armour
 c - a +0 robe
 d - a +1 cloak (worn)
 j - a +0 pair of boots (worn)
 n - a +0 buckler
 B - a +0 helmet (worn)
 G - the +3 leather armour of the Pit (worn) {+Blink rPois Int+4}
   (You bought it in a shop on level 7 of the Dungeon)

   It affects your intelligence (+4).
   It protects you from poison.
   It lets you blink.
Jewellery
 h - an amulet of the gourmand (around neck)
 A - a +4 ring of dexterity (left hand)
 Q - a +2 ring of strength (right hand)
Wands
 y - a wand of slowing (0/48)
 K - a wand of lightning (6/15)
 L - a wand of slowing (8/48)
 R - a wand of confusion (21/48)
 S - a wand of disintegration (12/24)
Scrolls
 o - 2 scrolls of enchant armour
 p - 3 scrolls of recharging
 t - 2 scrolls of identify
 x - 2 scrolls of remove curse
 C - 3 scrolls of amnesia
 D - a scroll of fog
 F - a scroll of magic mapping
 O - a scroll of fear
Potions
 i - a potion of brilliance
 k - a potion of agility
 l - a potion of flight
 r - a potion of ambrosia
 s - 3 potions of curing
Books
 E - a book of Conjurations

   Spells                             Type                      Level
   a - Magic Dart                     Conjuration                  1
   b - Searing Ray                    Conjuration                  2
   c - Dazzling Spray                 Conjuration/Hexes            3
   d - Fulminant Prism                Conjuration/Hexes            4
   e - Iskenderun's Mystic Blast      Conjuration                  4
   f - Iskenderun's Battlesphere      Conjuration/Charms           5
Comestibles
 g - 5 bread rations
 w - 6 beef jerkies
 I - a slice of pizza
 J - a royal jelly
 M - 3 meat rations
 P - 11 chunks of flesh


   Skills:
 - Level 7.0 Fighting
 - Level 2.4(8.6) Short Blades
 + Level 12.6(12.7) Long Blades
 - Level 2.0 Throwing
 - Level 7.0 Dodging
 - Level 10.4 Stealth


You had 9 spell levels left.
You didn't know any spells.

Dungeon Overview and Level Annotations

Branches:
Dungeon (11/15)            Temple (1/1) D:5            Lair (0/6) D:10
    Orc (0/2) D:11

Altars:
Ashenzari
Cheibriados
Dithmenos
Elyvilon
Fedhas
Gozag
Hepliaklqana
Kikubaaqudgha
Makhleb
Nemelex Xobeh
Okawaru
Ru
Trog
Vehumet
Xom
The Shining One

Shops:
D:7 =[

Portals:
Trove: D:10 (give 5 potions of cure mutation)

Annotations:
D:7 exclusions: downstairs and ice statue
D:8 Hybris's ghost, novice HOFi
D:10 Snorg


Message History

Okay, then.
Okay, then.
You blink.
You feel slightly less full.
Firing (i - inventory. (,) - cycle):
e - 11 poisoned needles (quivered)
Press: ? - help, Shift-Dir - straight line, f/p - Snorg
Aim: Snorg (translocational energy, moderately wounded, berserk, fast, unusually strong, poisoned)
You shoot a poisoned needle.
The poisoned needle closely misses Snorg.
Snorg bites you! Snorg misses you. Snorg claws you but does no damage.
There is a stone staircase leading down here.
Snorg rages.
Snorg bites you! Snorg misses you. x2
You fail to use your ability.
Snorg completely misses you. Snorg claws you! x2
* * * LOW HITPOINT WARNING * * *
Okay, then.
You blink.
You feel slightly less full.
You blink.
You feel slightly less full. Snorg bites you!
* * * LOW HITPOINT WARNING * * *
Snorg claws you!
You die...

l.....#...>.(.######.##
..l...(..........[....
.:....(..(.....# #..
.....∩...(.....## #.#
........$.......# #.#
.....(.(........# #.#
..............#.## #.###
..............#..# #.C.###
......##..###..#@#####...#
......###)####§T.>######.#
.[...# #.(######........#
.....# ##.(.# #.#####..#
##[### ###(####(### #..###
#.# #.(.#.<..# ##...# ##.#
###(.....###....# #..#
###....#....### #.######
#(...#)##.#


You could see Snorg (berserk).

Vanquished Creatures
  A hill giant (D:10)
  A troll (D:10)
  A two-headed ogre (D:9)
  A hungry ghost (D:9)
  2 water moccasins
  2 black bears
  3 orc warriors
  An ice beast (D:5)
  A phantom (D:5)
  4 sky beasts
  A necrophage (D:9)
  4 ogres
  8 centaurs
  A big kobold (D:6)
  4 bullfrogs
  2 gnoll sergeants (D:6)
  A wyvern skeleton (D:8)
  5 scorpions
  A water moccasin skeleton (D:4)
  A killer bee (D:6)
  18 wights
  A howler monkey (D:10)
  3 crimson imps
  2 jellies
  A centaur zombie (D:8)
  3 orc priests
  7 hounds
  4 bullfrog skeletons
  2 gnoll shamans
  3 iguanas
  7 orc wizards
  8 worker ants
  A killer bee zombie (D:6)
  A hound zombie (D:3)
  2 hound skeletons
  6 worker ant zombies
  Robin (D:4)
  10 gnolls
  8 adders
  A river rat (D:10)
  2 shadow imps
  3 oozes
  An adder skeleton (D:4)
  5 worms
  4 dart slugs
  6 leopard geckos
  28 orcs
  3 ball pythons
  9 bats
  2 giant cockroaches
  15 goblins
  26 hobgoblins
  13 jackals
  A frilled lizard (D:4)
  12 kobolds
  A leopard gecko zombie (D:3)
  A quokka skeleton (D:8)
  2 quokka zombies (D:3)
  14 rats
282 creatures vanquished.

Vanquished Creatures (others)
  An orc priest (D:6)
  A hound (D:6)
  A worker ant (D:6)
  2 gnolls (D:6)
  5 orcs (D:6)
  3 hobgoblins (D:6)
  A kobold (D:6)
  3 plants (D:6)
17 creatures vanquished.

Grand Total: 299 creatures vanquished

Notes
Turn   | Place    | Note
-------+----------+-------------------------------------------
     0 | D:1      | spiff the High Elf Assassin began the quest for the Orb.
     0 | D:1      | Reached XP level 1. HP: 14/14 MP: 2/2
   282 | D:1      | Reached skill level 5 in Stealth
   307 | D:1      | Reached XP level 2. HP: 9/19 MP: 3/3
  1135 | D:2      | Reached XP level 3. HP: 24/24 MP: 4/4
  1811 | D:2      | Reached XP level 4. HP: 20/29 MP: 5/5
  2349 | D:3      | Found a sparkling altar of Nemelex Xobeh.
  2813 | D:3      | Reached XP level 5. HP: 20/34 MP: 6/6
  4208 | D:4      | Noticed Robin
  4614 | D:4      | Killed Robin
  4803 | D:4      | Reached XP level 6. HP: 41/41 MP: 7/7
  5285 | D:4      | Reached skill level 1 in Long Blades
  5671 | D:4      | Reached skill level 2 in Long Blades
  5891 | D:4      | Reached XP level 7. HP: 46/46 MP: 8/8
  6370 | D:5      | Entered Level 5 of the Dungeon
  6779 | D:5      | Reached skill level 3 in Long Blades
  7407 | D:5      | Reached skill level 4 in Long Blades
  7640 | D:5      | Reached XP level 8. HP: 48/54 MP: 9/9
  7649 | D:5      | Found a staircase to the Ecumenical Temple.
  7656 | Temple   | Entered the Ecumenical Temple
  7692 | Temple   | Became a worshipper of Dithmenos the Shadowed
  7848 | D:5      | Reached skill level 5 in Fighting
  7848 | D:5      | Reached skill level 5 in Dodging
  7975 | D:5      | Reached skill level 5 in Long Blades
  8785 | D:6      | Reached skill level 6 in Long Blades
  9515 | D:6      | Reached * piety under Dithmenos
  9992 | D:6      | Reached XP level 9. HP: 61/63 MP: 10/10
 10574 | D:7      | Noticed an ice statue
 10878 | D:7      | Reached skill level 7 in Long Blades
 11314 | D:7      | Found Peugg's Antique Armour Shoppe.
 11317 | D:7      | Bought a heavily runed leather armour for 217 gold pieces
 11327 | D:7      | Identified the +3 leather armour of the Pit {+Blink rPois Int+4} (You bought it in a shop on level 7 of the Dungeon)
 11337 | D:7      | Found Goeph's Jewellery Boutique.
 11592 | D:8      | Noticed Hybris's ghost (novice HOFi)
 12062 | D:7      | Reached ** piety under Dithmenos
 12174 | D:8      | Reached skill level 8 in Long Blades
 12853 | D:6      | Reached skill level 9 in Long Blades
 13554 | D:9      | Reached skill level 10 in Stealth
 13579 | D:9      | Reached XP level 10. HP: 71/71 MP: 11/11
 13934 | D:9      | Got a faintly humming ring mail
 13945 | D:9      | Identified the cursed +1 ring mail of the Bruised Gods {Dex+4} (You found it on level 9 of the Dungeon)
 14037 | D:9      | Reached skill level 10 in Long Blades
 14089 | D:9      | Reached *** piety under Dithmenos
 14213 | D:10     | Entered Level 10 of the Dungeon
 14268 | D:10     | Noticed a hill giant
 14684 | D:10     | Reached skill level 11 in Long Blades
 14688 | D:10     | Found a staircase to the Lair.
 14901 | D:10     | Found a portal to a secret trove of treasure.
 14901 | D:10     | You fall through a shaft!
 14905 | D:11     | Noticed a manticore
 14907 | D:11     | Found a shadowy altar of Dithmenos.
 14907 | D:11     | Noticed a skeletal warrior
 14922 | D:11     | Noticed a brown ugly thing
 14964 | D:10     | Reached **** piety under Dithmenos
 14989 | D:10     | Reached skill level 12 in Long Blades
 15038 | D:10     | Noticed Snorg
 15079 | D:10     | Killed a hill giant
 15138 | D:10     | HP: 2/71 [Snorg (16)]
 15138 | D:10     | Mangled by Snorg

Skill      XL: |  1  2  3  4  5  6  7  8  9 10 |
---------------+-------------------------------+-----
Stealth        | 5 6 7 8 10 | 10.4
Dodging        | 2 3 4 6 7 |  7.0
Fighting       | 3 4 6 7 |  7.0
Long Blades    | 2 4 6 9 12 | 12.6
Short Blades   | |  2.4
Throwing       | |  2.0

Action                   |  1- 3 |  4- 6 |  7- 9 | 10-12 || total
-------------------------+-------+-------+-------+-------++-------
Melee: Dagger            |   147 |   342 |   631 |    59 ||  1179
       Scimitar          |       |       |    69 |   121 ||   190
       Falchion          |       |       |       |    20 ||    20
 Fire: Blowgun           |     3 |    34 |    54 |    22 ||   113
       Shortbow          |       |       |    16 |       ||    16
Throw: Stone             |       |       |    14 |       ||    14
 Abil: Evoke Blink       |       |       |       |     3 ||     3
Evoke: Wand              |       |       |     6 |     2 ||     8
  Use: Scroll            |     1 |     6 |    11 |     6 ||    24
       Potion            |       |     2 |     6 |       ||     8
 Stab: Sleeping          |    16 |    20 |    22 |    17 ||    75
       Distracted        |       |     2 |     5 |       ||     7
  Eat: Chunk             |    13 |    13 |    24 |    12 ||    62
Armor: Robe              |    14 |    16 |    55 |       ||    85
       Skin              |       |       |     5 |       ||     5
       Leather armour    |       |       |    17 |    34 ||    51
Dodge: Dodged            |    44 |   109 |   308 |   168 ||   629
Block: Buckler           |    10 |    23 |    17 |       ||    50
       Rpst.: Scimitar   |       |       |    10 |    40 ||    50
       Falchion          |       |       |       |     6 ||     6
